[Event "Titled Tuesday Blitz January 25 2022"]
[White "Barria Zuniga, Daniel"]
[Black "Cunjalo, Faris"]
[WhiteFideId "3400816"]
[BlackFideId "14410710"]
[WhiteElo "2414"]
[BlackElo "2263"]
[Result "0-1"]
[Round "04"]
[TimeControl "180+1"]
[Date "2022.01.26"]
[WhiteClock "0:00:01"]
[BlackClock "0:00:10"]

1. d4 Nf6 2. c4 g6 3. Nc3 c5 4. d5 Bg7 5. e4 d6 6. h3 O-O 7. Nf3 e6 8. Bd3 Nbd7 9. O-O e5 10. Bg5 h6 11. Bd2 Nh5 12. Re1 Nf4 13. Bf1 Nf6 14. Bxf4 exf4 15. e5 dxe5 16. Nxe5 Re8 17. Qf3 g5 18. Bd3 a6 19. Re2 Nxd5 20. Nxf7 Kxf7 21. Nxd5 Rxe2 22. Qh5+ Kf8 23. Qxe2 Qd6 24. Re1 Bd7 25. Qe7+ Qxe7 26. Rxe7 Bc6 27. Rc7 Be5 28. Rh7 Bxd5 29. cxd5 Bg7 30. Bf5 Kf7 31. d6 Rd8 32. d7 Kf6 33. Bg4 Kg6 34. Rxg7+ Kxg7 35. h4 Kf6 36. hxg5+ hxg5 37. Kf1 Ke7 38. Ke2 Rf8 39. Kf3 Rf6 40. Ke4 Rd6 41. b3 Rd2 42. f3 Rxa2 43. Kf5 Rxg2 44. Kxg5 Rb2 45. Kxf4 Rxb3 46. Kg5 c4 47. f4 c3 48. Bf5 Rb5 0-1


[Site "https://www.chess.com"]

[Event "Titled Tuesday Blitz January 25 2022"]
[White "Belenkaya, Dina"]
[Black "Ceres, Dragos"]
[WhiteFideId "24142654"]
[BlackFideId "13905864"]
[WhiteElo "2196"]
[BlackElo "2072"]
[Result "0-1"]
[Round "04"]
[TimeControl "180+1"]
[Date "2022.01.26"]
[WhiteClock "0:00:05"]
[BlackClock "0:00:45"]

1. Nf3 Nf6 2. g3 d5 3. Bg2 e6 4. d3 b5 5. Nbd2 Bb7 6. b3 Be7 7. Bb2 O-O 8. O-O c5 9. Ne5 Nc6 10. Nxc6 Bxc6 11. c4 a6 12. a4 bxa4 13. bxa4 Rb8 14. Be5 Rb7 15. a5 Qd7 16. Qc2 Ng4 17. Bb2 Rfb8 18. Ra2 d4 19. Nf3 Bd6 20. h3 Nf6 21. Ba1 Bc7 22. e3 e5 23. e4 Qd8 24. Bb2 Nd7 25. Rfa1 Bxa5 26. Qc1 Rxb2 27. Rxa5 Qxa5 28. Rxa5 Rb1 29. Qxb1 Rxb1+ 30. Kh2 Bb7 31. h4 f6 32. Bh3 Nb6 33. Be6+ Kf8 34. Bd5 Nxd5 35. exd5 Rb2 36. Rxc5 Rxf2+ 37. Kg1 Rxf3 38. Rc7 Bxd5 39. cxd5 Rxg3+ 40. Kf2 Rxd3 41. d6 Rc3 42. Ra7 Rc6 43. d7 Rd6 44. Kf3 d3 45. Ke4 d2 46. Rxa6 d1=Q 47. Ra8+ Ke7 0-1


[Site "https://www.chess.com"]

[Event "Titled Tuesday Blitz January 25 2022"]
[White "Belyakov, Bogdan"]
[Black "Bethke, Richard"]
[WhiteFideId "24104795"]
[BlackFideId "12959243"]
[WhiteElo "2407"]
[BlackElo "2448"]
[Result "1-0"]
[Round "04"]
[TimeControl "180+1"]
[Date "2022.01.26"]
[WhiteClock "0:01:49"]
[BlackClock "0:00:46"]

1. e4 c5 2. c3 Nf6 3. e5 Nd5 4. d4 cxd4 5. cxd4 Nc6 6. Nf3 d6 7. Bc4 Nb6 8. Bb5 Bd7 9. Nc3 e6 10. O-O Be7 11. Qe2 O-O 12. Bd3 f5 13. exf6 Bxf6 14. Be3 Qe7 15. Rad1 Rae8 16. Rfe1 e5 17. dxe5 Nxe5 18. Nxe5 Bxe5 19. g3 Kh8 20. Qh5 g6 21. Bxg6 Rc8 22. f4 Bxc3 23. bxc3 1-0


[Site "https://www.chess.com"]

[Event "Titled Tuesday Blitz January 25 2022"]
[White "Bodnaruk, Anastasia"]
[Black "Howell, David W L"]
[WhiteFideId "4181751"]
[BlackFideId "410608"]
[WhiteElo "2393"]
[BlackElo "2559"]
[Result "0-1"]
[Round "04"]
[TimeControl "180+1"]
[Date "2022.01.26"]
[WhiteClock "0:00:05"]
[BlackClock "0:00:49"]

1. e4 Nf6 2. e5 Nd5 3. d4 d6 4. Nf3 dxe5 5. Nxe5 Nd7 6. Nf3 g6 7. c4 N5f6 8. Nc3 Bg7 9. Bd3 O-O 10. O-O b6 11. Re1 Bb7 12. h3 e6 13. Bf4 c5 14. Nb5 a6 15. Nd6 Bxf3 16. Qxf3 cxd4 17. Rad1 Nc5 18. Nb7 Qd7 19. Nxc5 bxc5 20. h4 h5 21. Qg3 Rfe8 22. Be5 Ng4 23. Bxg7 Kxg7 24. f3 Nf6 25. Re5 Qd6 26. Rde1 Nd7 27. f4 Nxe5 28. fxe5 Qe7 29. Rf1 Rh8 30. Rf6 Rh6 31. Qf4 a5 32. b3 a4 33. Kh2 axb3 34. axb3 Ra2 35. Be4 Rb2 36. Qf3 Qc7 37. Qg3 Re2 38. Qf4 Re3 39. Qg5 Rxe4 0-1


[Site "https://www.chess.com"]

[Event "Titled Tuesday Blitz January 25 2022"]
[White "Carlsson, Ludvig"]
[Black "Pap, Gyula"]
[WhiteFideId "1727010"]
[BlackFideId "725323"]
[WhiteElo "2178"]
[BlackElo "2553"]
[Result "0-1"]
[Round "04"]
[TimeControl "180+1"]
[Date "2022.01.26"]
[WhiteClock "0:00:04"]
[BlackClock "0:00:09"]

1. d4 d5 2. Nf3 Nf6 3. c4 c6 4. cxd5 cxd5 5. Nc3 e6 6. Bf4 Bd6 7. Bg3 Nc6 8. e3 O-O 9. Bd3 Bxg3 10. hxg3 h6 11. Rc1 Qd6 12. a3 Bd7 13. Bb1 Rfc8 14. Qd3 Ne7 15. g4 Nxg4 16. Qh7+ Kf8 17. Qh8+ Ng8 18. Bh7 Nf6 19. Ne5 Be8 20. Rh3 Nxh7 21. Qxh7 f6 22. Rg3 Qe7 23. Nf3 g5 24. Qd3 Kg7 25. Kd2 Bg6 26. Qb5 Rc7 27. Rh1 Rac8 28. Qb3 Rc6 29. Rgh3 Rb6 30. Qa2 g4 31. Rg3 gxf3 32. gxf3 Qc7 33. Rhg1 Ne7 34. Qb1 f5 35. Qc2 Kf7 36. f4 Qc4 37. f3 Qb3 38. Qxb3 Rxb3 39. Kc2 Rb6 40. Rh1 h5 41. Rhg1 Rbc6 42. Kd3 a6 43. Kd2 h4 44. Rh3 Rh8 45. Rgh1 Nc8 46. Rxh4 Rxh4 47. Rxh4 Nd6 48. b3 Kg7 49. a4 b5 50. a5 b4 51. Na2 Nb7 52. Nxb4 Rd6 53. Rh1 Nxa5 54. Kc2 Rb6 55. Kc3 Nxb3 56. Nxd5 exd5 57. Rb1 Be8 58. Rxb3 Rxb3+ 59. Kxb3 Kf6 60. Kb4 Ke6 61. Ka5 Bb5 62. Kb6 Be2 63. Kc5 Bxf3 64. Kb6 Be2 65. Ka5 Bd3 66. Kb4 Bc4 67. Ka5 Kf6 68. Kb4 Kg6 69. Kc5 Kh5 70. e4 Kg4 71. exd5 Bb5 72. Kb6 Kxf4 73. d6 Ke4 74. Kc5 f4 75. d5 f3 76. d7 Bxd7 77. d6 f2 0-1


[Site "https://www.chess.com"]

[Event "Titled Tuesday Blitz January 25 2022"]
[White "Carnicelli, Valerio"]
[Black "Gnechko, Ruslan"]
[WhiteFideId "856185"]
[BlackFideId "14135868"]
[WhiteElo "2323"]
[BlackElo "2289"]
[Result "0-1"]
[Round "04"]
[TimeControl "180+1"]
[Date "2022.01.26"]
[WhiteClock "0:00:03"]
[BlackClock "0:00:23"]

1. e4 c6 2. d4 d5 3. e5 Bf5 4. h4 h5 5. Bd3 Bxd3 6. Qxd3 e6 7. Nf3 Nd7 8. Bg5 Be7 9. c4 Nh6 10. O-O Nf5 11. c5 Bxg5 12. hxg5 g6 13. Nc3 Kf8 14. b4 a6 15. a4 Kg7 16. Rfb1 h4 17. Qd2 Rh5 18. Ne2 Nf8 19. Nf4 Rh8 20. Nh3 Nd7 21. Nh2 Nf8 22. Ng4 Nh7 23. Nf6 Qc7 24. Qf4 Qe7 25. Rb2 Rhb8 26. Rba2 b6 27. Rb2 bxc5 28. dxc5 a5 29. b5 cxb5 30. axb5 Qxc5 31. Nd7 Qc3 32. Rab1 Rb7 33. Nf6 a4 34. f3 a3 35. Ra2 Ra5 36. b6 Qd4+ 37. Qxd4 Nxd4 38. Ne8+ Kf8 39. Nd6 Rb8 40. Nf4 Nxg5 41. b7 Nf5 42. Nc8 h3 43. Nd3 hxg2 44. Kxg2 Ne3+ 45. Kg3 Nc4 46. f4 Ne4+ 47. Kg4 Nc3 48. Rb3 Nxa2 49. Nb4 Nxb4 0-1


[Site "https://www.chess.com"]

[Event "Titled Tuesday Blitz January 25 2022"]
[White "Cherniaiev, Tykhon"]
[Black "Bortnyk, Olexandr"]
[WhiteFideId "14182360"]
[BlackFideId "14120828"]
[WhiteElo "2289"]
[BlackElo "2723"]
[Result "0-1"]
[Round "04"]
[TimeControl "180+1"]
[Date "2022.01.26"]
[WhiteClock "0:00:03"]
[BlackClock "0:00:03"]

1. Nf3 Nf6 2. c4 b6 3. g3 Bb7 4. Bg2 g6 5. b3 Bg7 6. Bb2 O-O 7. O-O e6 8. d4 d5 9. Nbd2 a5 10. Re1 Nbd7 11. Rc1 a4 12. bxa4 Bc6 13. Nb3 Rxa4 14. cxd5 Bxd5 15. a3 Ne4 16. Nfd2 Nxd2 17. Nxd2 Ra5 18. Bxd5 exd5 19. Qc2 c5 20. dxc5 Bxb2 21. Qxb2 bxc5 22. Red1 Qa8 23. Nb1 d4 24. Qb3 Rb8 25. Qc2 h5 26. h4 Ne5 27. Nd2 d3 28. exd3 Rxa3 29. Rb1 Rxd3 30. Rxb8+ Qxb8 31. Ne4 c4 32. Rb1 Qd8 33. Kg2 Qd5 34. Qe2 f5 35. Rb8+ Kg7 36. f3 fxe4 37. fxe4 Rd2 38. exd5 Rxe2+ 39. Kf1 Rd2 40. Rb5 Kf6 41. Rc5 Kf5 42. Ke1 Rd4 43. Ke2 Ke4 44. Rc8 Rxd5 45. Rc7 Rd3 46. Rc5 Rxg3 47. Rc7 Rg4 48. Kf2 Rxh4 49. Kg3 Rg4+ 50. Kh3 Kd4 51. Rc8 c3 52. Rd8+ Ke3 53. Rd1 c2 54. Rh1 Nd3 55. Rf1 c1=Q 56. Rg1 Nf4+ 57. Kh2 Qxg1# 0-1


[Site "https://www.chess.com"]

[Event "Titled Tuesday Blitz January 25 2022"]
[White "Chor, Kevin"]
[Black "Berezin, Viktor"]
[WhiteFideId "2090740"]
[BlackFideId "14107872"]
[WhiteElo "2644"]
[BlackElo "2310"]
[Result "1-0"]
[Round "04"]
[TimeControl "180+1"]
[Date "2022.01.26"]
[WhiteClock "0:01:32"]
[BlackClock "0:00:50"]

1. e4 d5 2. exd5 Nf6 3. c4 c6 4. d4 cxd5 5. Nc3 Nc6 6. Bg5 Be6 7. Bxf6 exf6 8. c5 Be7 9. Nf3 O-O 10. Bb5 Na5 11. b4 Nc4 12. Bxc4 dxc4 13. d5 Bg4 14. d6 Re8 15. dxe7 Rxe7+ 16. Kf1 Qd3+ 17. Qxd3 cxd3 18. Rd1 Rd8 19. h3 Bxf3 20. gxf3 Rd4 21. Kg2 Red7 22. a3 g5 23. Ne4 Kg7 24. Nd6 Kg6 25. Rd2 1-0


[Site "https://www.chess.com"]

[Event "Titled Tuesday Blitz January 25 2022"]
[White "Costachi, Mihnea"]
[Black "Sadhwani, Raunak"]
[WhiteFideId "1217518"]
[BlackFideId "35093487"]
[WhiteElo "2813"]
[BlackElo "3009"]
[Result "1/2-1/2"]
[Round "04"]
[TimeControl "180+1"]
[Date "2022.01.26"]
[WhiteClock "0:00:47"]
[BlackClock "0:00:21"]

1. e4 e5 2. Nf3 Nc6 3. Nc3 Nf6 4. a3 d5 5. exd5 Nxd5 6. Bb5 Nxc3 7. bxc3 Bd6 8. O-O O-O 9. d4 exd4 10. cxd4 h6 11. h3 Qf6 12. c3 Bf5 13. Bd3 Rfe8 14. Rb1 b6 15. Rb5 Bxd3 16. Qxd3 a6 17. Rh5 Qg6 18. Qxg6 fxg6 19. Rh4 Na5 20. a4 c6 21. Rg4 Kh7 22. Nh4 Re6 23. f4 Rf6 24. f5 gxf5 25. Rxf5 Raf8 26. Rxf6 Rxf6 27. Nf3 b5 28. axb5 cxb5 29. Nd2 Bf4 30. Nb3 Bxc1 31. Nxc1 Rc6 32. Na2 Nc4 33. Re4 a5 34. Re7 Rb6 35. Rc7 Nd6 36. Nc1 b4 37. cxb4 Rxb4 38. Ra7 a4 39. Nd3 Rxd4 40. Nc5 Rc4 41. Nxa4 Nf5 42. Nb6 Rc1+ 43. Kh2 Rc2 44. Nd5 Nh4 45. Nf4 Kg8 46. Kg3 g5 47. Kg4 gxf4 48. Kxh4 Rxg2 49. Ra4 Kg7 50. Rxf4 Kg6 51. Rg4+ Rxg4+ 52. hxg4 h5 53. gxh5+ Kh6 54. Kg4 Kh7 55. Kg5 Kg7 56. h6+ Kh7 57. Kh5 Kh8 58. Kg6 Kg8 59. h7+ Kh8 60. Kh6 1/2-1/2


[Site "https://www.chess.com"]

[Event "Titled Tuesday Blitz January 25 2022"]
[White "De Silva, L M S T"]
[Black "Selbes, Tarik"]
[WhiteFideId "9953698"]
[BlackFideId "6302513"]
[WhiteElo "1631"]
[BlackElo "2290"]
[Result "1-0"]
[Round "04"]
[TimeControl "180+1"]
[Date "2022.01.26"]
[WhiteClock "0:01:11"]
[BlackClock "0:00:58"]

1. e4 d6 2. d4 Nf6 3. Nc3 g6 4. f3 a6 5. Be3 b5 6. h4 h5 7. Qd2 Bb7 8. Nh3 Nbd7 9. Ng5 Bg7 10. Ne2 O-O 11. O-O-O c5 12. d5 Ne5 13. Nf4 b4 14. Kb1 a5 15. Be2 a4 16. g4 hxg4 17. h5 gxf3 18. Bxf3 Nxf3 19. Nxf3 Nxe4 20. Qh2 Nc3+ 21. bxc3 bxc3 22. Ka1 g5 23. h6 Bf6 24. Nh5 Ra5 25. Bxg5 Bxg5 26. Nxg5 Bxd5 27. Ne6 1-0


[Site "https://www.chess.com"]

[Event "Titled Tuesday Blitz January 25 2022"]
[White "Deac, Bogdan-Daniel"]
[Black "Horvath, Dominik"]
[WhiteFideId "1226380"]
[BlackFideId "1642561"]
[WhiteElo "3007"]
[BlackElo "2811"]
[Result "1-0"]
[Round "04"]
[TimeControl "180+1"]
[Date "2022.01.26"]
[WhiteClock "0:00:46"]
[BlackClock "0:00:02"]

1. e4 e5 2. Nf3 Nc6 3. Bb5 a6 4. Ba4 Nf6 5. O-O Be7 6. d3 b5 7. Bb3 d6 8. a3 O-O 9. Nc3 Bg4 10. Be3 Nd4 11. Bxd4 exd4 12. Nd5 Nd7 13. h3 Bxf3 14. Qxf3 a5 15. c3 Nc5 16. Nxe7+ Qxe7 17. Bd5 dxc3 18. Bxa8 cxb2 19. Rab1 Rxa8 20. Rxb2 Rb8 21. Rfb1 c6 22. d4 Nxe4 23. d5 cxd5 24. Rxb5 Rxb5 25. Rxb5 g6 26. Rxd5 a4 27. Qe3 Qe6 28. Rd4 d5 29. Rxa4 Qc6 30. Rb4 Kg7 31. f3 Nc3 32. Qe5+ f6 33. Qe7+ Kh6 34. Rh4+ Kg5 35. Rg4+ 1-0


[Site "https://www.chess.com"]

[Event "Titled Tuesday Blitz January 25 2022"]
[White "Debray, Christopher"]
[Black "Brodowski, Piotr"]
[WhiteFideId "630810"]
[BlackFideId "1124480"]
[WhiteElo "2369"]
[BlackElo "2422"]
[Result "0-1"]
[Round "04"]
[TimeControl "180+1"]
[Date "2022.01.26"]
[WhiteClock "0:00:04"]
[BlackClock "0:00:45"]

1. d4 c5 2. d5 d6 3. Nc3 Nf6 4. e4 g6 5. Bf4 Bg7 6. Qd2 h6 7. h4 Na6 8. Nf3 Nc7 9. a4 Bg4 10. Be2 b6 11. a5 b5 12. e5 dxe5 13. Nxe5 Bxe2 14. Nc6 Qd7 15. Qxe2 Ncxd5 16. Nxd5 Nxd5 17. Be5 f6 18. Nb8 Qb7 19. a6 Qb6 20. O-O-O fxe5 21. Rxd5 Rxb8 22. Qf3 Qf6 23. Qd3 O-O 24. Rd7 Kh8 25. h5 g5 26. f3 e4 27. Qxe4 Qxb2+ 28. Kd1 Rbd8 29. Qxe7 Rxd7+ 30. Qxd7 Qa1+ 31. Ke2 Qxh1 0-1


[Site "https://www.chess.com"]

[Event "Titled Tuesday Blitz January 25 2022"]
[White "Demchenko, Anton"]
[Black "Jaracz, Pawel"]
[WhiteFideId "4160258"]
[BlackFideId "1102222"]
[WhiteElo "2868"]
[BlackElo "2734"]
[Result "0-1"]
[Round "04"]
[TimeControl "180+1"]
[Date "2022.01.26"]
[WhiteClock "0:00:08"]
[BlackClock "0:01:23"]

1. e4 c5 2. Nf3 e6 3. g3 b6 4. Bg2 Bb7 5. Qe2 d6 6. O-O Be7 7. d4 cxd4 8. Nxd4 a6 9. c4 Nd7 10. Nc3 Rc8 11. Rd1 Qc7 12. Be3 Ngf6 13. Rac1 O-O 14. b3 Qb8 15. f4 Rfe8 16. Bf2 g6 17. Re1 e5 18. fxe5 dxe5 19. Nc2 b5 20. Ne3 Bb4 21. Ned5 Bxd5 22. exd5 bxc4 23. bxc4 Qc7 24. Red1 Qxc4 25. Qxc4 Rxc4 26. Na4 Rxc1 27. Rxc1 e4 28. Bd4 e3 29. a3 Bd2 30. Rb1 e2 31. Bf2 e1=Q+ 32. Bxe1 Rxe1+ 33. Rxe1 Bxe1 34. Kf1 Ba5 35. Ke2 Kf8 36. Kd3 Ke7 37. Nb2 Ne5+ 38. Kd4 Kd6 39. h3 Bb6+ 40. Kc3 h5 41. Kb3 Bf2 42. g4 hxg4 43. hxg4 Nfxg4 44. Na4 Ne3 45. Bh1 g5 46. Nb6 g4 47. Nc8+ Kc7 48. Ne7 g3 49. Kc3 g2 50. Bxg2 Nxg2 51. Nf5 Bc5 52. a4 Nf4 53. Ng3 Nxd5+ 54. Kb3 Ne7 55. Ne4 Kc6 56. Nf6 Nd7 57. Ne4 f5 58. Ng5 f4 59. Nf3 Kd5 60. Kc2 Ne5 61. Ng5 f3 62. Nh3 Be3 63. Kd1 Ke4 64. a5 N7c6 65. Kc2 Nxa5 66. Kb2 Nac6 67. Ka3 Kd3 68. Ka4 Kc4 69. Ka3 f2 70. Nxf2 Bxf2 71. Kb2 Bd4+ 72. Kc2 a5 73. Kd2 a4 0-1


[Site "https://www.chess.com"]

[Event "Titled Tuesday Blitz January 25 2022"]
[White "Di Nicolantonio, Lucas"]
[Black "Papasimakopoulos, Alexandros"]
[WhiteFideId "680460"]
[BlackFideId "4244125"]
[WhiteElo "2381"]
[BlackElo "2340"]
[Result "1-0"]
[Round "04"]
[TimeControl "180+1"]
[Date "2022.01.26"]
[WhiteClock "0:00:30"]
[BlackClock "0:00:11"]

1. e4 e6 2. d4 d5 3. Nd2 Nf6 4. e5 Nfd7 5. f4 c5 6. c3 Nc6 7. Ngf3 f6 8. Bd3 cxd4 9. cxd4 Qb6 10. Nb3 a5 11. a4 Bb4+ 12. Ke2 O-O 13. Be3 Be7 14. g3 Nb4 15. Bb1 Qa6+ 16. Kf2 Nb6 17. Kg2 Bd7 18. Nc5 Bxc5 19. dxc5 Nc4 20. Bd4 fxe5 21. Nxe5 Nxe5 22. Bxe5 Be8 23. Ra3 Nc6 24. Bd6 Rf6 25. Re1 Bg6 26. Bxg6 Rxg6 27. f5 exf5 28. Qxd5+ Kh8 29. Rae3 h5 30. Re8+ Rxe8 31. Rxe8+ Kh7 32. Qg8+ Kh6 33. Bf4+ Rg5 34. Re6+ g6 35. Qxg6# 1-0


[Site "https://www.chess.com"]

[Event "Titled Tuesday Blitz January 25 2022"]
[White "Djordjevic, Vuk"]
[Black "Hirneise, Jens"]
[WhiteFideId "902098"]
[BlackFideId "24614734"]
[WhiteElo "2463"]
[BlackElo "2323"]
[Result "1-0"]
[Round "04"]
[TimeControl "180+1"]
[Date "2022.01.26"]
[WhiteClock "0:00:05"]
[BlackClock "0:00:03"]

1. d4 d5 2. Nf3 Nf6 3. c4 e6 4. Nc3 Bb4 5. Bg5 h6 6. Bxf6 Qxf6 7. e3 Bxc3+ 8. bxc3 O-O 9. cxd5 exd5 10. c4 dxc4 11. Bxc4 c5 12. O-O cxd4 13. Nxd4 Nc6 14. Nxc6 Qxc6 15. Qb3 Rb8 16. Rfd1 Be6 17. Bxe6 Qxe6 18. Qxe6 fxe6 19. Rd6 Kf7 20. Rd7+ Kf6 21. Rad1 Rfc8 22. g4 Rc2 23. R1d4 Rxa2 24. Rf4+ Kg6 25. h4 b5 26. Rff7 Rg8 27. Rfe7 Ra6 28. Rb7 h5 29. g5 Ra4 30. Rxb5 Rxh4 31. Rxe6+ Kh7 32. Ra6 Rc8 33. Rxa7 Rc1+ 34. Kg2 Rg4+ 35. Kf3 Rcg1 36. g6+ Kxg6 37. Ra6+ Kh7 38. Rxh5+ Kg8 39. Ra8+ Kf7 40. Ra7+ Kg8 41. e4 Rg6 42. Rf5 Rf6 43. Kf4 Rg2 44. f3 Rxf5+ 45. Kxf5 Kf8 46. Ke6 Rg6+ 47. Ke5 Rb6 48. f4 Rb5+ 49. Ke6 Rb6+ 50. Kf5 Rb5+ 51. e5 Rb6 52. Kg5 Rc6 53. f5 Rb6 54. e6 Rb1 55. Rf7+ Kg8 56. Rc7 Rb8 57. Kg6 Kh8 58. Rf7 Rg8 59. e7 Re8 60. Rf8+ Rxf8 61. exf8=Q# 1-0


[Site "https://www.chess.com"]

[Event "Titled Tuesday Blitz January 25 2022"]
[White "Doluhanova, Evgeniya"]
[Black "Rastbod, Ali"]
[WhiteFideId "14112035"]
[BlackFideId "12567477"]
[WhiteElo "2076"]
[BlackElo "2200"]
[Result "0-1"]
[Round "04"]
[TimeControl "180+1"]
[Date "2022.01.26"]
[WhiteClock "0:00:38"]
[BlackClock "0:01:35"]

1. e4 e6 2. d4 d5 3. exd5 exd5 4. Bd3 Nc6 5. Bf4 Nxd4 6. Bxh7 Ne6 7. Bxg8 Nxf4 8. Qf3 Qf6 9. g3 Ne6 10. Bxf7+ Qxf7 11. Qxd5 c6 12. Qe4 Bd7 13. Nf3 O-O-O 14. Ne5 Qf6 15. Nxd7 Rxd7 16. Nc3 Ng5 17. Qe8+ Rd8 18. Qe2 Bb4 19. Qg4+ Kb8 20. Qxb4 Qe6+ 21. Ne2 Nf3+ 22. Kf1 Qh3# 0-1


[Site "https://www.chess.com"]

[Event "Titled Tuesday Blitz January 25 2022"]
[White "Donchenko, Alexander"]
[Black "Blit, Jacques"]
[WhiteFideId "24603295"]
[BlackFideId "114839"]
[WhiteElo "2539"]
[BlackElo "2390"]
[Result "1-0"]
[Round "04"]
[TimeControl "180+1"]
[Date "2022.01.26"]
[WhiteClock "0:00:39"]
[BlackClock "0:00:11"]

1. d4 d6 2. Nf3 f5 3. g3 Nf6 4. Bg2 g6 5. O-O Bg7 6. c4 O-O 7. Nc3 Qe8 8. Re1 Qf7 9. e4 fxe4 10. Nxe4 Qxc4 11. Nxf6+ exf6 12. Bd2 Nc6 13. b4 Nxd4 14. Rc1 Nxf3+ 15. Bxf3 Qf7 16. Bh6 c6 17. Bxg7 Kxg7 18. Qxd6 Re8 19. b5 Re6 20. Rxe6 Qxe6 21. Qc7+ Qd7 22. Qf4 Qe7 23. bxc6 bxc6 24. Bxc6 g5 25. Qe4 Qa3 26. Rb1 Rb8 27. Rxb8 Qc1+ 28. Kg2 Bh3+ 29. Kxh3 Qf1+ 30. Kg4 h5+ 31. Kf3 Qd1+ 32. Kg2 1-0


[Site "https://www.chess.com"]

[Event "Titled Tuesday Blitz January 25 2022"]
[White "Dovbnia, Nikita"]
[Black "Liyanage, Ranindu Dilshan"]
[WhiteFideId "54104599"]
[BlackFideId "9915834"]
[WhiteElo "2111"]
[BlackElo "1858"]
[Result "0-1"]
[Round "04"]
[TimeControl "180+1"]
[Date "2022.01.26"]
[WhiteClock "0:00:53"]
[BlackClock "0:00:28"]

1. d4 Nf6 2. c4 e6 3. Nc3 Bb4 4. e3 O-O 5. Ne2 c6 6. a3 Ba5 7. b4 Bc7 8. Bb2 d5 9. Ng3 e5 10. cxd5 cxd5 11. Nb5 e4 12. Nxc7 Qxc7 13. Rc1 Qd6 14. Be2 g6 15. O-O h5 16. Re1 Nbd7 17. Nf1 Nb6 18. Rc5 Bd7 19. Ba1 Na4 20. Ra5 Nb6 21. Rc5 Ba4 22. Qb1 Nfd7 23. Rc3 a6 24. Nd2 Bb5 25. Bd1 Nc4 26. Nb3 b6 27. Qa2 a5 28. bxa5 bxa5 29. Nd2 Ndb6 30. a4 Bc6 31. Nxc4 Nxc4 32. Rxc4 dxc4 33. Qxc4 Bd5 34. Qf1 Rfc8 35. Be2 Rc2 36. Bb5 Rac8 37. g3 Ra2 38. Rc1 Rxc1 39. Qxc1 Qa3 40. Qc8+ Kg7 41. Bc3 Qc1+ 42. Kg2 Qc2 0-1


[Site "https://www.chess.com"]

[Event "Titled Tuesday Blitz January 25 2022"]
[White "Efimenko, Zahar"]
[Black "Martinez Alcantara, Jose Eduardo"]
[WhiteFideId "14107201"]
[BlackFideId "3805662"]
[WhiteElo "2785"]
[BlackElo "2979"]
[Result "0-1"]
[Round "04"]
[TimeControl "180+1"]
[Date "2022.01.26"]
[WhiteClock "0:00:01"]
[BlackClock "0:00:04"]

1. Nf3 c5 2. c4 Nc6 3. d4 cxd4 4. Nxd4 Nf6 5. Nc3 e6 6. Bg5 Be7 7. e3 O-O 8. Be2 d6 9. O-O a6 10. Rc1 Bd7 11. Qd2 h6 12. Bh4 Rc8 13. Rfd1 Re8 14. b3 Ne5 15. Bxf6 gxf6 16. f4 Ng6 17. f5 Ne5 18. Rf1 Bf8 19. Ne4 d5 20. Nxf6+ Qxf6 21. fxe6 Qe7 22. exd7 Qxd7 23. Nf5 dxc4 24. Qxd7 Nxd7 25. Bxc4 Ne5 26. Bd5 b6 27. h3 a5 28. e4 Rxc1 29. Rxc1 Bc5+ 30. Kh2 Kh7 31. Rf1 Rg8 32. g4 h5 33. gxh5 Rg5 34. h6 Bg1+ 35. Kh1 Bc5 36. h4 Rg4 37. Kh2 Rg6 38. Kh3 b5 39. a4 bxa4 40. bxa4 Rb6 41. Rc1 Ba3 42. Rg1 Bf8 43. Rf1 Bxh6 44. Nxh6 Kxh6 45. Bxf7 Rb4 46. Bd5 Rxa4 47. Rf6+ Kg7 48. Rf5 Ra3+ 49. Kg2 Ng6 50. Rg5 Kh6 51. Kf2 Nxh4 52. Rg8 Ng6 53. Ra8 Kg5 54. Ke2 Kf4 55. Kd2 Ne5 56. Kc2 Nd3 57. Bc4 Ne5 58. Bb3 Ra1 59. Kb2 Re1 60. Rxa5 Nd3+ 61. Ka3 Ke3 62. Ba2 Ra1 63. Kb3 Rc1 64. Ka3 Rc3+ 65. Ka4 Kd2 66. Bb3 Nc5+ 67. Kb4 Nxb3 0-1


[Site "https://www.chess.com"]

[Event "Titled Tuesday Blitz January 25 2022"]
[White "Eljanov, Pavel"]
[Black "Shevchenko, Kirill"]
[WhiteFideId "14102951"]
[BlackFideId "14129574"]
[WhiteElo "2769"]
[BlackElo "2978"]
[Result "0-1"]
[Round "04"]
[TimeControl "180+1"]
[Date "2022.01.26"]
[WhiteClock "0:00:04"]
[BlackClock "0:00:05"]

1. Nf3 Nf6 2. g3 g6 3. Bg2 Bg7 4. O-O O-O 5. c4 d6 6. d4 Nbd7 7. Nc3 e5 8. e4 Re8 9. h3 b6 10. d5 Nc5 11. Qc2 a5 12. Be3 Nh5 13. Nh4 Nf4 14. gxf4 Qxh4 15. fxe5 Bxe5 16. f4 Bxc3 17. Bxc5 Bxh3 18. Qxc3 Bxg2 19. Kxg2 Qg4+ 20. Qg3 Qxg3+ 21. Kxg3 bxc5 22. Rae1 f6 23. e5 Kg7 24. e6 Rab8 25. b3 f5 26. Re3 Kf6 27. Kf3 Rb4 28. Ke2 Rb6 29. Rh1 Re7 30. Reh3 h5 31. Kd3 c6 32. Kc3 cxd5 33. cxd5 Rb4 34. Rf1 Re4 35. Rg3 Rh7 36. a4 h4 37. Rh3 Rd4 38. Rd3 Re4 39. Rh3 Rh8 40. Rf2 Rd4 41. Rd3 Rxd3+ 42. Kxd3 Rb8 43. Rh2 Rxb3+ 44. Kc2 Rb4 45. Rxh4 Rc4+ 46. Kb3 Rd4 47. Rh7 Rxd5 48. e7 Rd3+ 49. Kc4 Re3 50. Kb5 Rxe7 51. Rh4 Rb7+ 52. Kxa5 c4 53. Rh1 d5 54. Rc1 Ke6 55. Ka6 Rb2 56. a5 Kd6 57. Ka7 Kc5 58. a6 d4 59. Ka8 d3 60. a7 Ra2 61. Kb7 Kd4 0-1


[Site "https://www.chess.com"]

[Event "Titled Tuesday Blitz January 25 2022"]
[White "Ezat, Mohamed"]
[Black "Skytte, Rasmus"]
[WhiteFideId "10600906"]
[BlackFideId "1404210"]
[WhiteElo "2386"]
[BlackElo "2430"]
[Result "1-0"]
[Round "04"]
[TimeControl "180+1"]
[Date "2022.01.26"]
[WhiteClock "0:00:09"]
[BlackClock "0:00:04"]

1. d4 Nf6 2. c4 c5 3. d5 b5 4. cxb5 a6 5. Nc3 axb5 6. e4 b4 7. Nb5 d6 8. Bf4 g5 9. Bxg5 Nxe4 10. Bf4 Bg7 11. Qe2 f5 12. f3 Nf6 13. Nxd6+ Kf8 14. Nxc8 Qxc8 15. d6 Nc6 16. dxe7+ Nxe7 17. Bd6 Ra7 18. Rc1 Qd7 19. Bxc5 Rxa2 20. Nh3 Nd5 21. Rc2 Kf7 22. Ng5+ Kg6 23. h4 h6 24. Ne6 Re8 25. Nxg7 Kxg7 26. Qe5+ Kh7 27. Re2 Qc6 28. Bd4 Rg8 29. h5 Ra1+ 30. Kf2 Qc1 31. Rg1 Qg5 32. g3 Qxh5 33. Rg2 Qg5 34. f4 Qg4 35. Rc2 Rd1 36. Be2 Qh3 37. Bxd1 Qh1 38. Bf3 Qb1 39. Re2 Qd3 40. Bxd5 Nxd5 41. Qxd5 Rg6 42. Qf7+ Rg7 43. Qxg7# 1-0


[Site "https://www.chess.com"]

[Event "Titled Tuesday Blitz January 25 2022"]
[White "Gabdushev, Ruslan"]
[Black "Jary, Sergey"]
[WhiteFideId "4137833"]
[BlackFideId "14110350"]
[WhiteElo "2312"]
[BlackElo "2260"]
[Result "1-0"]
[Round "04"]
[TimeControl "180+1"]
[Date "2022.01.26"]
[WhiteClock "0:00:04"]
[BlackClock "0:00:11"]

1. e4 c5 2. a3 g6 3. b4 Bg7 4. Nc3 Nf6 5. e5 Nh5 6. bxc5 Bxe5 7. g4 Nf4 8. d4 Bc7 9. Qf3 Ne6 10. Be3 d6 11. Bb5+ Bd7 12. cxd6 Ba5 13. Bxd7+ Qxd7 14. Ne2 Nc6 15. O-O Qxd6 16. Ne4 Qd7 17. Rfd1 Nc7 18. Nc5 Qd5 19. Qg3 O-O-O 20. Rab1 Bb6 21. Nb3 Ne6 22. c3 Qc4 23. Qf3 f5 24. gxf5 Rhf8 25. Nd2 Qa4 26. Ng3 gxf5 27. d5 f4 28. Qg4 Kb8 29. dxc6 bxc6 30. Bxb6 axb6 31. Qxe6 fxg3 32. hxg3 Ka7 33. Qxe7+ Ka6 34. Qe2+ Kb7 35. Ne4 Rxd1+ 36. Rxd1 Qxa3 37. Nd6+ Kb8 38. Qe7 Qa7 39. Qxf8+ Kc7 40. Qc8# 1-0


[Site "https://www.chess.com"]